A+ - U26
CAROLINA MUDCATS @ LAKELAND FLYING TIGERS
05/19/2063
 
TOP OF THE 1ST
Carolina Mudcats batting - Pitching for Lakeland Flying Tigers : RHP Matt Bessetta
Pitching: RHP Matt Bessetta
Batting: RHB Brent Batista 0-0: Fly out, F8 (Line Drive, 8RD, EV 88.1 MPH)
Batting: RHB Cao Shui 0-0: Called Strike
0-1: Foul Ball, location: 3SF
0-2: Strikes out looking
Batting: LHB Robbie Harada 0-0: Called Strike
0-1: Called Strike
0-2: Ball
1-2: Ball
2-2: Ball
3-2: Base on Balls
Batting: LHB Jake Moore 0-0: Ball
1-0: Ball
2-0: Called Strike
2-1: Foul Ball, location: 5DF
2-2: Ground out U3 (Groundball, 3L, EV 98.1 MPH)
Top of the 1st over - 0 runs, 0 hits, 0 errors, 1 left on base; Carolina 0 - Lakeland 0
BOTTOM OF THE 1ST
Lakeland Flying Tigers batting - Pitching for Carolina Mudcats : RHP Owen Hammock
Pitching: RHP Owen Hammock
Batting: LHB Jalen Anthony 0-0: Ball
1-0: Foul Ball, location: 2LF
1-1: Called Strike
1-2: SINGLE (Groundball, 6MD, EV 106.3 MPH)
Batting: LHB Oscar Soto 0-0: Called Strike
0-1: Ball
1-1: Ball
2-1: Called Strike
2-2: Grounds into double play, 4-6-3 (Groundball, 4, EV 108.8 MPH)
Batting: LHB Wendell Taylor 0-0: Ball
1-0: Ground out 1-3 (Groundball, 34S, EV 67.5 MPH)
Bottom of the 1st over - 0 runs, 1 hit, 0 errors, 0 left on base; Carolina 0 - Lakeland 0
TOP OF THE 2ND
Carolina Mudcats batting - Pitching for Lakeland Flying Tigers : RHP Matt Bessetta
Batting: LHB Johnny MacCarthy 0-0: Called Strike
0-1: Ball
1-1: Called Strike
1-2: Ball
2-2: Foul Ball, location: 3FF
2-2: Foul Ball, location: 7LDF
2-2: Ball
3-2: Foul Ball, location: 23FF
3-2: SOLO HOME RUN (Flyball, 8LXD, EV 111.3 MPH), Distance : 444 ft
Batting: RHB Warren Peterson 0-0: Ground out 1-3 (Groundball, 13S, EV 65.6 MPH)
Batting: RHB Vic Abels 0-0: Foul Ball, location: 9LSF
0-1: Ball
1-1: Foul Ball, location: 2F
1-2: Strikes out swinging
Batting: LHB Landon Key 0-0: Ball
1-0: SOLO HOME RUN (Flyball, 9D, EV 96.9 MPH), Distance : 369 ft
Batting: RHB Pancho Del Toro 0-0: Foul Ball, location: 2F
0-1: Ball
1-1: Ball
2-1: SINGLE (Line Drive, 89M, EV 102.5 MPH)
Batting: RHB Brent Batista 0-0: Foul Ball, location: 2F
0-1: SINGLE (Flyball, 3D, EV 93.1 MPH)
Pancho Del Toro to second
Batting: RHB Cao Shui 0-0: Ball
1-0: Called Strike
1-1: Ball
2-1: Called Strike
2-2: Foul Ball, location: 23F
2-2: SINGLE (Line Drive, 9LS, EV 100.0 MPH)
Pancho Del Toro to third
Brent Batista to second
Runner from 3rd tries for Home, SAFE, throw by RF to home
Batting: LHB Robbie Harada 0-0: Ball
Wild Pitch!
Brent Batista to third
Cao Shui to second
1-0: Called Strike
1-1: Ball
2-1: Fly out, F7 (Flyball, 7, EV 90.0 MPH)
Top of the 2nd over - 3 runs, 5 hits, 0 errors, 2 left on base; Carolina 3 - Lakeland 0
BOTTOM OF THE 2ND
Lakeland Flying Tigers batting - Pitching for Carolina Mudcats : RHP Owen Hammock
Batting: RHB Hunter Mayfield 0-0: Ball
1-0: Foul Ball, location: 9LSF
1-1: Called Strike
1-2: Strikes out swinging
Batting: RHB Billy Robbins 0-0: Swinging Strike
0-1: Ball
1-1: Ball
2-1: Called Strike
2-2: Fly out, F7 (Flyball, 7LD, EV 109.4 MPH)
Batting: SHB R.W. Bizjak 0-0: DOUBLE (Flyball, 78XD, EV 93.1 MPH)
Batting: RHB Joshua Ewing 0-0: Ball
1-0: Ball
2-0: Called Strike
2-1: Foul Ball, location: 5FF
2-2: Strikes out swinging
Bottom of the 2nd over - 0 runs, 1 hit, 0 errors, 1 left on base; Carolina 3 - Lakeland 0
TOP OF THE 3RD
Carolina Mudcats batting - Pitching for Lakeland Flying Tigers : RHP Matt Bessetta
Batting: LHB Jake Moore 0-0: Ball
1-0: Ground out 4-3 (Groundball, 4, EV 93.1 MPH)
Batting: LHB Johnny MacCarthy 0-0: Ball
1-0: Ground out 3-1 (Groundball, 34S, EV 92.5 MPH)
Batting: RHB Warren Peterson 0-0: Ball
1-0: Called Strike
1-1: Called Strike
1-2: Ball
2-2: Ground out 3-1 (Groundball, 34S, EV 83.8 MPH)
Top of the 3rd over - 0 runs, 0 hits, 0 errors, 0 left on base; Carolina 3 - Lakeland 0
BOTTOM OF THE 3RD
Lakeland Flying Tigers batting - Pitching for Carolina Mudcats : RHP Owen Hammock
Batting: LHB Jeremy Gates 0-0: Ball
1-0: Fly out, F4 (Popup, 4MD, EV 50.0 MPH)
Batting: RHB Nicolas Vitturini 0-0: Foul Ball, location: 9LMFF
0-1: Ground out 5-3 (Groundball, 5, EV 84.4 MPH)
Batting: LHB Jalen Anthony 0-0: Fly out, F7 (Flyball, 7, EV 90.0 MPH)
Bottom of the 3rd over - 0 runs, 0 hits, 0 errors, 0 left on base; Carolina 3 - Lakeland 0
TOP OF THE 4TH
Carolina Mudcats batting - Pitching for Lakeland Flying Tigers : RHP Matt Bessetta
Batting: RHB Vic Abels 0-0: SINGLE (Line Drive, 89M, EV 99.4 MPH)
Batting: LHB Landon Key 0-0: Swinging Strike
0-1: Grounds into double play, 4-6-3 (Groundball, 4D, EV 100.6 MPH)
Batting: RHB Pancho Del Toro 0-0: Ball
1-0: Swinging Strike
1-1: Ball
2-1: Ball
3-1: SINGLE (Line Drive, 7S, EV 91.9 MPH)
Batting: RHB Brent Batista 0-0: Called Strike
0-1: Swinging Strike
0-2: Ball
1-2: Strikes out swinging
Top of the 4th over - 0 runs, 2 hits, 0 errors, 1 left on base; Carolina 3 - Lakeland 0
BOTTOM OF THE 4TH
Lakeland Flying Tigers batting - Pitching for Carolina Mudcats : RHP Owen Hammock
Batting: LHB Oscar Soto 0-0: Ground out 6-3 (Groundball, 6, EV 111.9 MPH)
Batting: LHB Wendell Taylor 0-0: Ball
1-0: Swinging Strike
1-1: SINGLE (Groundball, 6MD, EV 104.4 MPH)
Batting: RHB Hunter Mayfield 0-0: Ball
1-0: Ball
2-0: Foul Ball, location: 2F
2-1: Fly out, F8 (Flyball, 8RM, EV 95.0 MPH)
Batting: RHB Billy Robbins 0-0: Called Strike
0-1: Foul Ball, location: 7LSF
0-2: Foul Ball, location: 9LMFF
0-2: Ball
1-2: Ball
2-2: Ground out 4-3 (Groundball, 34, EV 105.0 MPH)
Bottom of the 4th over - 0 runs, 1 hit, 0 errors, 1 left on base; Carolina 3 - Lakeland 0
TOP OF THE 5TH
Carolina Mudcats batting - Pitching for Lakeland Flying Tigers : RHP Matt Bessetta
Batting: RHB Cao Shui 0-0: Called Strike
0-1: Foul Ball, location: 3SF
0-2: Ball
1-2: Strikes out looking
Batting: LHB Robbie Harada 0-0: Called Strike
0-1: Swinging Strike
0-2: Strikes out swinging
Batting: LHB Jake Moore 0-0: Called Strike
0-1: Ground out U3 (Groundball, 3S, EV 71.3 MPH)
Top of the 5th over - 0 runs, 0 hits, 0 errors, 0 left on base; Carolina 3 - Lakeland 0
BOTTOM OF THE 5TH
Lakeland Flying Tigers batting - Pitching for Carolina Mudcats : RHP Owen Hammock
Batting: SHB R.W. Bizjak 0-0: Called Strike
0-1: Called Strike
0-2: Ball
1-2: Foul Ball, location: 2F
1-2: Ball
2-2: Ball
3-2: DOUBLE (Flyball, 78D, EV 99.4 MPH)
Batting: RHB Joshua Ewing 0-0: Foul Ball, location: 9LDF
0-1: Foul Ball, location: 5F
0-2: Ball
1-2: Foul Ball, location: 5FF
1-2: Ball
2-2: Ball
3-2: Base on Balls
Batting: LHB Jeremy Gates 0-0: Called Strike
0-1: Ball
1-1: Fly out, F8 (Flyball, 8RD, EV 105.0 MPH)
Batting: RHB Nicolas Vitturini 0-0: Fly out, F7 (Line Drive, 7S, EV 90.0 MPH)
Batting: LHB Jalen Anthony 0-0: Ball
1-0: Swinging Strike
1-1: Ball
2-1: Fielders Choice at 2nd, 6-4 (Groundball, 6, EV 108.1 MPH)
Bottom of the 5th over - 0 runs, 1 hit, 0 errors, 2 left on base; Carolina 3 - Lakeland 0
TOP OF THE 6TH
Carolina Mudcats batting - Pitching for Lakeland Flying Tigers : RHP Matt Bessetta
Batting: LHB Johnny MacCarthy 0-0: Called Strike
0-1: Called Strike
0-2: Strikes out looking
Batting: RHB Warren Peterson 0-0: Fly out, F7 (Flyball, 78S, EV 88.1 MPH)
Batting: RHB Vic Abels 0-0: SINGLE (Line Drive, 89S, EV 101.3 MPH)
Pitching: RHP Brodie Jonas
Batting: LHB Landon Key 0-0: Ball
1-0: Ball
2-0: Ball
3-0: Base on Balls
Vic Abels to second
Batting: RHB Pancho Del Toro 0-0: Called Strike
0-1: Foul Ball, location: 7LMF
0-2: Foul Ball, location: 2F
0-2: Strikes out swinging
Top of the 6th over - 0 runs, 1 hit, 0 errors, 2 left on base; Carolina 3 - Lakeland 0
BOTTOM OF THE 6TH
Lakeland Flying Tigers batting - Pitching for Carolina Mudcats : RHP Owen Hammock
Batting: LHB Oscar Soto 0-0: Ball
1-0: SINGLE (Groundball, 34D, EV 108.8 MPH)
Batting: LHB Wendell Taylor 0-0: SINGLE (Groundball, 6MD, EV 100.6 MPH) (infield hit)
Oscar Soto to second
Batting: RHB Hunter Mayfield 0-0: Ball
1-0: Ball
2-0: Called Strike
2-1: Called Strike
2-2: Strikes out swinging
Batting: RHB Billy Robbins 0-0: Ball
1-0: Called Strike
1-1: Called Strike
1-2: Ball
2-2: Ball
3-2: Foul Ball, location: 7LSF
3-2: Fly out, F4 (Line Drive, 4, EV 77.5 MPH)
Batting: SHB R.W. Bizjak 0-0: Called Strike
0-1: Ball
1-1: Swinging Strike
1-2: DOUBLE (Line Drive, 7LM, EV 104.4 MPH)
Oscar Soto scores
Wendell Taylor to third
Runner from 3rd tries for Home, throw by LF and OUT! 7-6-2
Bottom of the 6th over - 1 run, 3 hits, 0 errors, 1 left on base; Carolina 3 - Lakeland 1
TOP OF THE 7TH
Carolina Mudcats batting - Pitching for Lakeland Flying Tigers : RHP Brodie Jonas
Batting: RHB Brent Batista 0-0: Ball
1-0: Ball
2-0: Ball
3-0: Called Strike
3-1: Ground out 4-3 (Groundball, 4MS, EV 85.0 MPH)
Batting: RHB Cao Shui 0-0: Ball
1-0: Foul Ball, location: 9LMF
1-1: Foul Ball, location: 2F
1-2: Foul Ball, location: 5F
1-2: Ball
2-2: Ball
3-2: Fly out, F3 (Popup, 3SF, EV 68.8 MPH)
Pitching: LHP Rayan Caballero
Batting: LHB Robbie Harada 0-0: SINGLE (Flyball, 5D, EV 88.8 MPH)
Batting: LHB Jake Moore 0-0: Ball
1-0: Ball
2-0: Called Strike
2-1: Foul Ball, location: 7LDF
2-2: Foul Ball, location: 2F
2-2: Strikes out swinging
Top of the 7th over - 0 runs, 1 hit, 0 errors, 1 left on base; Carolina 3 - Lakeland 1
BOTTOM OF THE 7TH
Lakeland Flying Tigers batting - Pitching for Carolina Mudcats : RHP Owen Hammock
Batting: RHB Joshua Ewing 0-0: Ground out 4-3 (Groundball, 4MD, EV 85.0 MPH)
Batting: LHB Jeremy Gates 0-0: Called Strike
0-1: Swinging Strike
0-2: Ball
1-2: Ball
2-2: Strikes out looking
Pitching: RHP Jason Sheets
Batting: RHB Nicolas Vitturini 0-0: Called Strike
0-1: Swinging Strike
0-2: Ground out 4-3 (Groundball, 4, EV 110.0 MPH)
Bottom of the 7th over - 0 runs, 0 hits, 0 errors, 0 left on base; Carolina 3 - Lakeland 1
TOP OF THE 8TH
Carolina Mudcats batting - Pitching for Lakeland Flying Tigers : LHP Rayan Caballero
Batting: LHB Johnny MacCarthy 0-0: Called Strike
0-1: Ball
1-1: Foul Ball, location: 9LSF
1-2: Fly out, F7 (Flyball, 78S, EV 93.1 MPH)
Batting: RHB Warren Peterson 0-0: Foul Ball, location: 7LSF
0-1: Foul Ball, location: 9LSF
0-2: SINGLE (Line Drive, 4D, EV 98.1 MPH)
Batting: RHB Vic Abels 0-0: Swinging Strike
0-1: Reached on error, E4 (Groundball, 34, EV 85.0 MPH)
Warren Peterson to second
Batting: LHB Landon Key 0-0: Called Strike
0-1: Grounds out, U3 (Groundball, 3L, EV 76.3 MPH)
Warren Peterson to third
Batting: RHB Pancho Del Toro 0-0: Foul Ball, location: 2RF
0-1: Called Strike
0-2: Ball
1-2: Ground out 6-3 (Groundball, 6, EV 86.3 MPH)
Top of the 8th over - 0 runs, 1 hit, 1 error, 2 left on base; Carolina 3 - Lakeland 1
BOTTOM OF THE 8TH
Lakeland Flying Tigers batting - Pitching for Carolina Mudcats : RHP Jason Sheets
Batting: LHB Jalen Anthony 0-0: Ground out 6-3 (Groundball, 6, EV 89.4 MPH)
Batting: LHB Oscar Soto 0-0: Ball
1-0: Foul Ball, location: 2F
1-1: Called Strike
1-2: Ball
2-2: Ball
3-2: Base on Balls
Batting: LHB Wendell Taylor 0-0: Ball
1-0: Ball
2-0: Called Strike
2-1: Ball
3-1: Foul Ball, location: 2F
3-2: Base on Balls
Oscar Soto to second
Batting: RHB Hunter Mayfield 0-0: Called Strike
0-1: Called Strike
0-2: Strikes out swinging
Batting: RHB Billy Robbins 0-0: Ball
1-0: Foul Ball, location: 9LMF
1-1: Ball
2-1: Foul Ball, location: 5SF
2-2: Fielders Choice at 2nd, 5-4 (Groundball, 56, EV 92.5 MPH)
Bottom of the 8th over - 0 runs, 0 hits, 0 errors, 2 left on base; Carolina 3 - Lakeland 1
TOP OF THE 9TH
Carolina Mudcats batting - Pitching for Lakeland Flying Tigers : LHP Rayan Caballero
Pitching: LHP Casey Cole
Batting: RHB Brent Batista 0-0: Foul Ball, location: 2F
0-1: SINGLE (Groundball, 34D, EV 96.9 MPH)
Batting: RHB Cao Shui 0-0: Ball
1-0: SINGLE (Line Drive, 78S, EV 105.0 MPH)
Brent Batista to second
Batting: LHB Robbie Harada 0-0: Ball
1-0: Fly out, F9 (Flyball, 89M, EV 97.5 MPH)
Batting: LHB Jake Moore 0-0: Ball
1-0: Ball
2-0: Fielders Choice at 2nd, 4-6 (Groundball, 4M, EV 82.5 MPH)
Brent Batista to third
Batting: LHB Johnny MacCarthy 0-0: Ball
1-0: DOUBLE (Flyball, 8LXD, EV 88.8 MPH)
Brent Batista scores
Jake Moore to third
Batting: RHB Warren Peterson 0-0: Fly out, F8 (Flyball, 89D, EV 88.8 MPH)
Top of the 9th over - 1 run, 3 hits, 0 errors, 2 left on base; Carolina 4 - Lakeland 1
BOTTOM OF THE 9TH
Lakeland Flying Tigers batting - Pitching for Carolina Mudcats : RHP Jason Sheets
Pitching: RHP Jason LeCoq
Batting: SHB R.W. Bizjak 0-0: Ball
1-0: SINGLE (Line Drive, 8LS, EV 105.0 MPH)
Batting: RHB Joshua Ewing 0-0: Ball
1-0: Foul Ball, location: 23F
1-1: Called Strike
1-2: Foul Ball, location: 9LMF
1-2: Strikes out swinging
Pinch Hitting: RHB Tino Shine 0-0: Swinging Strike
0-1: Foul Ball, location: 3SF
0-2: Ball
1-2: Ball
2-2: Grounds into double play, 4-6-3 (Groundball, 4, EV 90.6 MPH)
Bottom of the 9th over - 0 runs, 1 hit, 0 errors, 0 left on base; Carolina 4 - Lakeland 1
Wednesday, May 28th , 2025 - OOTP Baseball 25.11 Build 104